 Dungeon Crawl Stone Soup version 0.15.2 (webtiles) character file.

1326 glosham the Basher (level 8, 0/89 HPs)
             Began as an Ogre Arcane Marksman on Apr 8, 2017.
             Asphyxiated
             ... on Level 6 of the Dungeon.
             The game lasted 00:58:25 (3040 turns).

glosham the Basher (Ogre Arcane Marksman)           Turns: 3040, Time: 00:58:26

HP   0/89        AC  7     Str 17      XL: 8   Next: 60%
MP  19/20        EV 10     Int 12      God:
Gold 279         SH  0     Dex 11      Spells:  1 memorised,  8 levels left

rFire  . . .     SeeInvis .     a - +0 giant club
rCold  . . .     Clarity  .     X - +1 robe
rNeg   . . .     rCorr    .     (shield restricted)
rPois  .         rRot     .     (helmet restricted)
rElec  .         Spirit   .     Y - +2 cloak
SustAb .         Warding  .     (gloves unavailable)
rMut   .         Stasis   .     (boots unavailable)
Gourm  .                        (no amulet)
MR     .....                    B - ring of stealth
                                A - ring of magical power

@: lethally poisoned, short of breath, not resistant to hostile enchantments,
unstealthy
A: unfitting armour, tough skin 1
a: no special abilities


You were on level 6 of the Dungeon.
You were not hungry.

You visited 1 branch of the dungeon, and saw 6 of its levels.

You collected 279 gold pieces.

Inventory:

Hand weapons
 a - a +0 giant club (weapon)
 b - a +0 mace
 c - a +0 trident
Missiles
 g - 4 large rocks (quivered)
 o - 3 curare-tipped needles
 q - 2 throwing nets
 r - 42 stones
 t - 5 needles of slowing
Armour
 X - a +1 robe (worn)
 Y - a +2 cloak (worn)
Magical devices
 l - a wand of flame (12)
Comestibles
 f - 2 meat rations
 p - 6 fruits
 u - a beef jerky
 v - a slice of pizza
 w - a bread ration
 z - 7 chunks of centaur flesh
Scrolls
 e - a scroll of recharging
 h - 2 scrolls of teleportation
 k - 2 scrolls of remove curse
Jewellery
 A - a ring of magical power (left hand)
 B - a ring of stealth (right hand)
 N - an uncursed ring of positive energy
Potions
 i - 2 potions of curing {unknown}
 j - 2 potions of magic
 m - a potion of might
 n - 4 potions of heal wounds
 s - a potion of brilliance {unknown}
 x - a potion of resistance {unknown}
Books
 d - a book of Debilitation

   Spells                             Type                      Level
   *Corona                            Hexes                        1
   Slow                               Hexes                        2
   Inner Flame                        Hexes/Fire                   3
   Enslavement                        Hexes                        4
   Cause Fear                         Hexes                        4
   Leda's Liquefaction                Hexes/Earth                  4


   Skills:
 + Level 8.6 Fighting
 * Level 10.1 Maces & Flails
 - Level 2.1 Throwing
 - Level 1.7 Dodging
 - Level 1.2 Spellcasting
 - Level 2.1 Hexes


You had 8 spell levels left.
You knew the following spells:

 Your Spells              Type           Power        Failure   Level  Hunger
c - Corona                Hex            #......      14%         1    ##.....


Dungeon Overview and Level Annotations

Branches:
Dungeon (6/15)
 Temple: D:4-7

Altars:
Ashenzari
Qazlal
Zin

Shops:
D:4 }   D:5 }


Innate Abilities, Weirdness & Mutations

You are too large for most types of armour.
You have tough skin (AC +1).


Message History

You throw a large rock. The large rock hits the centaur.
The centaur is almost dead.
The centaur hits you but does no damage.
The centaur barely misses you.
Throwing (i - inventory. (,) - cycle):
g - 3 large rocks (quivered)
Press: ? - help, Shift-Dir - straight line, f/p - centaur
Aim: a centaur (almost dead)
You throw a large rock.
The large rock hits the centaur but does no damage.
The centaur is almost dead.
The centaur hits you but does no damage.
Throwing (i - inventory. (,) - cycle):
g - 2 large rocks (quivered)
Press: ? - help, Shift-Dir - straight line, f/p - centaur
Aim: a centaur (almost dead)
You throw a large rock. The large rock hits the centaur!!
You kill the centaur!
Your Maces & Flails skill increases to level 10!
g - 4 large rocks (gained 3)
Things that are here:
a shortbow; 26 arrows; a centaur corpse You finish butchering the centaur corpse.
z - 7 chunks of centaur flesh
Things that are here:
a shortbow; 26 arrows A kobold and a skeleton come into view.
Casting: Corona
Confirm with . or Enter, or press ? or * to list all spells.
Aiming: Corona
Press: ? - help, Shift-Dir - straight line, f - kobold
Aim: a kobold, wielding a dagger (resting)
The kobold shouts!
The kobold is outlined in light.
The kobold unwields an uncursed dagger.
The kobold wields a blowgun.
The kobold shoots a curare-tipped needle.
The curare-tipped needle closely misses you.
The kobold shoots a curare-tipped needle.
The curare-tipped needle hits you.
You are poisoned.
You have difficulty breathing.
You die...

.K .## ..##
#..# #..# #..#
#..# #..# #@.#
#######..#
##..##....#
##........##
##..###########
#.)## ##..#
#..# #..##
#..########.##
#...........#


You could see a kobold.

Vanquished Creatures
  Grinder (D:4)
  Menkaure (D:5)
  A soldier ant (D:5)
  A sky beast (D:5)
  2 centaurs
  An ogre (D:5)
  2 killer bees (D:5)
  2 hounds
  3 goliath beetles (D:5)
  An orc priest (D:5)
  2 worker ants
  2 orc wizards (D:5)
  The ghost of dscm the Stinger, a weakling OpVM (D:4)
  Terence (D:2)
  5 adders
  3 giant mites (D:5)
  3 giant geckos
  7 orcs
  4 ball pythons
  9 hobgoblins
  2 jackals (D:3)
  11 kobolds
  A quokka (D:4)
  5 bats
  6 giant cockroaches
  3 giant newts
  8 goblins
  A hobgoblin skeleton (D:4)
  2 rats
91 creatures vanquished.

Notes
Turn   | Place    | Note
--------------------------------------------------------------
     0 | D:1      | glosham, the Ogre Arcane Marksman, began the quest for the Orb.
     0 | D:1      | Reached XP level 1. HP: 19/19 MP: 2/2
    98 | D:1      | Reached skill level 2 in Fighting
   121 | D:3      | Noticed a worker ant
   124 | D:3      | Killed a worker ant
   124 | D:3      | Reached skill level 4 in Fighting
   124 | D:3      | Reached XP level 2. HP: 6/32 MP: 1/3
   124 | D:3      | Reached XP level 3. HP: 7/39 MP: 1/4
   184 | D:3      | Found a shattered altar of Ashenzari.
   189 | D:3      | Saw a vision of the Shoals and the Snake Pit.
   189 | D:3      | Noticed a centaur
   189 | D:3      | Noticed a merfolk
   189 | D:3      | Noticed a mermaid
   189 | D:3      | Noticed a merfolk
   189 | D:3      | Noticed a salamander
   189 | D:3      | Noticed a water moccasin
   189 | D:3      | Noticed a naga
   189 | D:3      | Noticed a salamander
   189 | D:3      | Noticed an anaconda
   190 | D:3      | Noticed a hippogriff
   191 | D:3      | Noticed a merfolk
   191 | D:3      | Noticed a black mamba
   261 | D:2      | Reached skill level 1 in Maces & Flails
   434 | D:2      | Noticed Terence
   448 | D:2      | HP: 3/58 [Terence/wand of magic darts (5)]
   449 | D:2      | Killed Terence
   449 | D:2      | Reached skill level 2 in Maces & Flails
   550 | D:3      | Reached XP level 4. HP: 17/48 MP: 1/6
   934 | D:4      | Reached skill level 3 in Maces & Flails
  1006 | D:4      | Reached skill level 4 in Maces & Flails
  1014 | D:4      | Noticed Grinder
  1057 | D:4      | Found Phallib's Gadget Emporium.
  1080 | D:3      | Reached XP level 5. HP: 12/54 MP: 2/7
  1257 | D:4      | Killed Grinder
  1257 | D:4      | Reached skill level 5 in Fighting
  1257 | D:4      | Reached skill level 6 in Maces & Flails
  1257 | D:4      | Reached XP level 6. HP: 46/67 MP: 8/8
  1286 | D:4      | Reached skill level 6 in Fighting
  1425 | D:4      | Noticed dscm's ghost (weakling OpVM)
  1431 | D:4      | Killed dscm's ghost
  1451 | D:5      | Entered Level 5 of the Dungeon
  1477 | D:5      | Reached XP level 7. HP: 36/76 MP: 9/9
  1528 | D:5      | HP: 7/76 [orc (4)]
  1549 | D:5      | Found Shigoher's Gadget Emporium.
  1601 | D:5      | Found a stormy altar of Qazlal.
  1620 | D:5      | Reached skill level 7 in Maces & Flails
  1657 | D:5      | Noticed Menkaure
  1663 | D:5      | Killed Menkaure
  1663 | D:5      | Reached skill level 7 in Fighting
  1754 | D:5      | Found a glowing silver altar of Zin.
  2359 | D:5      | Reached skill level 8 in Maces & Flails
  2783 | D:5      | Reached XP level 8. HP: 85/88 MP: 11/11
  2869 | D:5      | Reached skill level 9 in Maces & Flails
  2881 | D:5      | Reached skill level 8 in Fighting
  2897 | D:5      | Noticed a soldier ant
  2931 | D:5      | Killed a soldier ant
  3014 | D:6      | HP: 4/89 [centaur (6)]
  3017 | D:6      | Reached skill level 10 in Maces & Flails
  3040 | D:6      | Asphyxiated

Action                   |  1- 3 |  4- 6 |  7- 9 || total
-------------------------+-------+-------+-------++-------
Melee: Short sword       |    26 |       |       ||    26
       Unarmed           |     1 |       |       ||     1
       Mace              |    39 |    91 |       ||   130
       Giant club        |       |       |   131 ||   131
Throw: Large rock        |     3 |     6 |     6 ||    15
       Throwing net      |     1 |     2 |     6 ||     9
 Cast: Corona            |    19 |    28 |    34 ||    81
Evoke: Wand              |     1 |    10 |       ||    11
  Use: Scroll            |     2 |     4 |     3 ||     9
       Potion            |     1 |       |       ||     1
 Stab: Sleeping          |       |     2 |       ||     2
       Held in net/web   |       |       |     1 ||     1
  Eat: Chunk             |       |     4 |     7 ||    11

Table legend:
 A = Turns spent in this place as a percentage of turns spent in the entire game.
 B = Non-inter-level travel turns spent in this place as a percentage of non-inter-level travel turns spent in the entire game.
 C = Inter-level travel turns spent in this place as a percentage of turns spent in this place.
 D = Turns resting spent in this place as a percentage of non-inter-level travel turns spent in this place.
 E = Turns spent auto-exploring this place as a percentage of non-inter-level travel turns spent in this place.
 F = Non-inter-level travel turns spent in this place divided by the number of levels of this place that you've seen.
                   A       B       C       D       E      F
               +-------+-------+-------+-------+-------+----------------------
         Total | 100.0 | 100.0 |   0.8 |   0.6 |   0.0 | 395.0
       Dungeon | 100.0 | 100.0 |   0.8 |   0.6 |   0.0 | 395.0
               +-------+-------+-------+-------+-------+----------------------

Table legend:
 A = Kills in this place as a percentage of kills in entire the game.
 B = Kills by you in this place as a percentage of kills by you in the entire game.
 C = Kills by friends in this place as a percentage of kills by friends in the entire game.
 D = Other kills in this place as a percentage of other kills in the entire game.
 E = Experience gained in this place as a percentage of experience gained in the entire game.
 F = Experience gained in this place divided by the number of levels of this place that you have seen.
                   A       B       C       D       E      F
               +-------+-------+-------+-------+-------+----------------------
         Total | 100.0 | 100.0 |  -nan |  -nan | 100.0 | 315.8
       Dungeon | 100.0 | 100.0 |  -nan |  -nan | 100.0 | 315.8
               +-------+-------+-------+-------+-------+----------------------

Vault maps used:
D:1:      minmay_arrival_cross, hangedman_decor_clover_reticule
D:2:      uniq_terence
D:3:      first_bread, grunt_ashenzari_visionary
D:4:      serial_shops, kennysheep_mini, uniq_grinder
D:5:      lemuel_insect_pit, nicolae_qazlal_eye_of_the_storm, zin_academy,
          serial_shops, shop, uniq_menkaure
D:6:      lemuel_crystal_altar, minmay_temple_entry_trees, serial_shops, shop,
          okawaru_ov_weapons_minmay
